Map: Abyssal Reef LE

Players

Quark

  • Race: Terran Terran
  • Spawn Location: 11:00

A.I. 1 (Very Hard) - Winner!

  • Race: Zerg Zerg
  • Spawn Location: 5:00

VOD

Have the link to the VOD?

Description

Time

  • Played on: Sept. 20, 2017, 9:26 a.m.
  • Length: 10:16
Show
View Real Time Build Order
Export as new Build Order

Quark Terran 

Build Orders: Command Center First (CC) 

Get SALT Encoding   

  12  0:11  SCV  
  13  0:23  SCV  
  14  0:36  SCV  
  15  1:09  Supply Depot  
  15  1:23  Command Center  
  15  1:31  SCV  
  16  1:44  Barracks  
  16  1:45  SCV  
  17  1:57  SCV  
  18  2:10  SCV  
  19  2:22  SCV  
  20  2:33  Refinery  
  20  2:36  SCV  
  22  2:42  Orbital Command  
  21  2:48  SCV  
  22  3:01  SCV  
  23  3:11  SCV  
  24  3:13  SCV  
  25  3:23  SCV  
  25  3:26  Orbital Command  
  26  3:36  SCV  
  26  3:40  Supply Depot  
  27  3:48  SCV  
  27  4:25  SCV  
  27  4:26  SCV  
  29  4:37  SCV  
  29  4:38  SCV  
  31  4:49  SCV  
  32  4:55  Command Center  
  32  5:06  SCV  
  33  5:07  SCV  
  34  5:18  SCV  
  34  5:19  SCV  
  36  5:30  SCV  
  36  5:31  SCV  
  36  5:34  Refinery  
  38  5:41  Marine  
  39  5:42  SCV  
  39  5:43  SCV  
  41  5:55  SCV x2  
  43  6:01  Refinery  
  43  6:07  SCV x2  
  45  6:16  Refinery  
  45  6:26  Supply Depot  
  45  6:31  Supply Depot  
  45  6:33  SCV  
  46  6:40  Orbital Command  
  46  6:52  SCV x2  
  48  7:04  Supply Depot  
  48  7:07  SCV  
  48  7:08  SCV x2  
  51  7:19  SCV  
  51  7:20  SCV x2  
  54  7:31  SCV  
  54  7:32  SCV x2  
  57  7:38  Supply Depot  
  57  7:41  Refinery  
  57  7:44  SCV  
  57  7:45  SCV x2  
  60  7:56  SCV  
  60  7:57  SCV x2  
  63  8:09  SCV  
  63  8:10  SCV  
  63  8:11  SCV  
  63  8:12  Refinery  
  66  8:21  SCV  
  66  8:22  SCV  
  66  8:23  SCV  
  69  8:33  SCV, Supply Depot  
  70  8:34  SCV  
  70  8:35  SCV  
  72  8:45  SCV  
  72  8:46  SCV  
  72  8:47  SCV  
  75  9:31  Supply Depot  
  75  10:08  Command Center  
Show
View Real Time Build Order
Export as new Build Order

A.I. 1 (Very Hard) Zerg - Winner!

Build Orders: Pool First 

Get SALT Encoding   

  12  0:00  Drone  
  13  0:12  Overlord  
  13  0:16  Drone  
  14  0:31  Drone x2  
  14  0:34  Drone  
  17  0:48  Spawning Pool, Drone  
  17  1:12  Hatchery  
  17  1:14  Drone  
  17  1:16  Extractor  
  16  1:19  Drone  
  16  1:23  Drone  
  18  1:28  Drone  
  19  1:38  Overlord  
  19  1:45  Queen  
  21  1:50  Zergling x2  
  22  2:00  Drone  
  23  2:11  Drone  
  24  2:21  Drone, Queen  
  27  2:26  Roach Warren  
  26  2:31  Drone  
  27  2:37  Drone  
  27  2:40  Zergling x2  
  27  2:43  Zergling x2  
  30  2:49  Overlord  
  30  2:52  Drone  
  30  2:55  Drone  
  30  2:57  Drone  
  33  3:00  Drone  
  34  3:08  Roach x2  
  34  3:12  Roach  
  40  3:17  Roach  
  42  3:20  Overlord  
  42  3:24  Drone x2  
  44  3:29  Overlord  
  44  3:34  Overlord  
  44  3:38  Roach  
  44  3:40  Roach  
  48  3:44  Roach  
  50  3:49  Roach  
  50  3:50  Roach  
  50  3:54  Roach  
  56  3:56  Roach  
  56  3:58  Zergling x2  
  56  4:01  Roach  
  60  4:03  Drone  
  60  4:05  Drone  
  60  4:07  Drone  
  60  4:09  Drone  
  64  4:12  Extractor  
  64  4:14  Drone  
  64  4:19  Overlord  
  64  4:22  Overlord  
  64  4:25  Drone  
  64  4:27  Drone  
  64  4:28  Drone  
  67  4:37  Drone, Roach x2  
  72  4:38  Roach  
  72  4:42  Roach  
  72  4:45  Overlord  
  76  4:48  Drone  
  76  4:50  Drone  
  76  4:51  Drone  
  79  4:53  Drone  
  79  4:56  Overlord  
  80  5:01  Lair  
  80  5:04  Roach  
  80  5:06  Roach  
  84  5:09  Roach  
  84  5:11  Roach  
  88  5:14  Overlord  
  88  5:16  Drone  
  88  5:19  Drone x2  
  92  5:21  Zergling x2  
  92  5:22  Zergling x2  
  93  5:30  Drone  
  93  5:32  Drone  
  93  5:34  Drone  
  96  5:37  Overlord  
  96  5:38  Drone  
  97  5:44  Extractor  
  97  5:45  Drone  
  97  5:50  Extractor  
  97  5:51  Drone  
  97  6:01  Hydralisk Den  
  97  6:02  Evolution Chamber  
  97  6:03  Infestation Pit, Drone  
  96  6:04  Drone  
  96  6:07  Drone x2  
  96  6:08  Drone, Evolution Chamber, Overlord  
  96  6:10  Drone  
  99  6:13  Drone x3  
  102  6:22  Ravager  
  103  6:26  Spine Crawler  
  103  6:29  Ravager, Spine Crawler  
  103  6:30  Hydralisk  
  104  6:33  Hydralisk  
  104  6:38  Hydralisk, Overlord  
  108  6:40  Infestor  
  110  6:52  Infestor  
  112  6:56  Hydralisk  
  114  7:07  Spore Crawler  
  113  7:08  Spore Crawler  
  113  7:09  Drone  
  113  7:15  Overseer, Infestor, Hatchery  
  114  7:16  Drone  
  115  7:29  Infestor, Overlord  
  117  7:38  Zerg Missile Weapons Level 1  
  117  7:44  Spine Crawler  
  116  7:52  Zerg Ground Armor Level 1  
  116  7:56  Hydralisk  
  118  8:01  Hydralisk  
  118  8:02  Queen  
  122  8:07  Queen, Overlord  
  124  8:14  Lurker Den  
  124  8:22  Spine Crawler  
  123  8:27  Drone  
  123  8:28  Drone x4  
  123  8:29  Drone x4  
  123  8:30  Drone x4, Overlord  
  123  8:31  Drone x4  
  123  8:32  Ravager  
  141  8:35  Extractor, Hatchery  
  141  8:36  Drone x2  
  141  8:39  Ravager  
  142  8:42  Extractor  
  141  8:58  Drone x2, Hive, Overlord  
  143  9:04  Drone x3  
  143  9:05  Spine Crawler  
  143  9:06  Drone  
  146  9:16  Overlord  
  146  9:18  Pathogen Glands  
  146  9:27  Spine Crawler  
  146  9:29  Spore Crawler  
  144  9:39  Zergling x2  
  144  9:41  Evolution Chamber  
  144  9:42  Drone  
  145  9:46  Hydralisk Den  
  145  9:47  Drone x3  
  145  9:48  Drone x4  
  145  9:49  Drone x2  
  153  9:53  Extractor  
  153  9:55  Drone, Extractor  
  153  9:56  Drone  
  153  10:07  Spine Crawler  
  153  10:12  Spore Crawler  
Tags
 
Add a new tag
Caveats
  • Supply blocks, unpowered buildings, or Contaminate may cause inaccurate times.
  • Supply counts are checked every 10 seconds.